 Dungeon Crawl Stone Soup version 0.28-b1-25-g9875b3fc8c (webtiles) character file.

Game seed: 9851247739410667248

9297 pkoi the Carver (level 11, -8/100 HPs)
             Began as a Minotaur Fighter on Jan 31, 2022.
             Was an Initiate of Gozag.
             Mangled by a komodo dragon (11 damage)
             ... on level 1 of the Lair of Beasts.
             The game lasted 00:14:18 (13815 turns).

pkoi the Carver (Minotaur Fighter)                 Turns: 13815, Time: 00:14:18

Health: -8/100     AC: 17    Str: 29    XL:     11   Next: 21%
Magic:  10/10      EV: 10    Int:  5    God:    Gozag
Gold:   698        SH:  6    Dex: 15    Spells: 10/10 levels left

rFire   . . .      SeeInvis .   o - +1 short sword (freeze)
rCold   . . .      Faith    .   c - +1 buckler
rNeg    . . .      Spirit   .   A - +0 acid dragon scales
rPois   .          Reflect  .   (helmet restricted)
rElec   .          Harm     .   y - +2 cloak {rCorr}
rCorr   +          Rampage  .   t - +0 pair of gloves {Str+3}
Will    .....                   (no boots)
Stlth   +.........              (no amulet)
HPRegen 0.26/turn               x - +6 ring of dexterity
MPRegen 0.12/turn               w - +4 ring of protection

@: gold aura, attractive
A: horns 2, retaliatory headbutt
a: Renounce Religion, Potion Petition, Call Merchant, Bribe Branch


You were on level 1 of the Lair of Beasts.
You worshipped Gozag.
Gozag was pleased with you.
You visited 3 branches of the dungeon, and saw 11 of its levels.
You also visited: Sewer and Ice Cave.

You collected 829 gold pieces.
You paid 131 gold pieces to Gozag.

Inventory:

Hand Weapons
 a - a +1 long sword
 o - a +1 short sword of freezing (weapon)
 p - a +2 whip of electrocution
 r - a +2 short sword of speed
Missiles
 j - 4 curare-tipped darts (quivered)
 n - 9 poisoned darts
Armour
 c - a +1 buckler (worn)
 t - a +0 pair of gloves of strength (worn)
 y - a +2 cloak of preservation (worn)
 A - +0 acid dragon scales (worn)
Magical Staves
 g - a staff of air
Jewellery
 v - a ring of wizardry
 w - a +4 ring of protection (right hand)
 x - a +6 ring of dexterity (left hand)
 B - a +6 ring of intelligence
Wands
 s - a wand of flame (5)
Scrolls
 e - 5 scrolls of enchant armour
 f - 13 scrolls of identify
 h - 3 scrolls of fear
 k - 2 scrolls of holy word
 l - 3 scrolls of enchant weapon
 z - a scroll of blinking
 C - a scroll of magic mapping
Potions
 d - 2 potions of might
 i - 2 potions of heal wounds
 m - 3 potions of haste
 q - 4 potions of cancellation
 u - 2 potions of curing


   Skills:
 + Level 10.2 Fighting
 - Level 14.0 Long Blades
 - Level 9.1 Armour
 - Level 4.0 Shields
 + Level 7.1 Evocations


You had 10 spell levels left.
You didn't know any spells.
Your spell library contained the following spells:

 Spells                   Type           Power      Damage    Failure   Level
 Magic Dart               Conj           0%         1d3       63%         1
 Call Imp                 Summ           0%         N/A       77%         2
 Corpse Rot               Necr/Air       0%         N/A       77%         2
 Poisonous Vapours        Pois/Air       0%         N/A       77%         2
 Mephitic Cloud           Conj/Pois/Air  0%         N/A       94%         3
 Ozocubu's Armour         Ice            0%         N/A       94%         3
 Dispel Undead            Necr           0%         3d6       100%        4
 Petrify                  Tmut/Erth      0%         N/A       100%        4
 Summon Ice Beast         Ice/Summ       0%         N/A       100%        4
 Summon Mana Viper        Hex/Summ       0%         N/A       100%        5
 Death Channel            Necr           0%         N/A       100%        6
 Monstrous Menagerie      Summ           0%         N/A       100%        7
 Ozocubu's Refrigeration  Ice            0%         4d5       100%        7


Dungeon Overview and Level Annotations

Branches:
Dungeon (8/15)             Temple (1/1) D:7            Lair (2/6) D:8
  Sewer (visited)           IceCv (visited)
  Swamp: Lair:2-4    Shoals: Lair:2-4     Snake: Lair:2-4    Spider: Lair:2-4

Altars:
Ashenzari
Cheibriados
Dithmenos
Elyvilon
Fedhas
Gozag
Hepliaklqana
Kikubaaqudgha
Makhleb
Nemelex Xobeh
Okawaru
Qazlal
Ru
Sif Muna
Trog
Uskayaw
Vehumet
Wu Jian
Xom
Yredelemnul
Zin
The Shining One

Shops:
D:8 (


Innate Abilities, Weirdness & Mutations

You have a pair of horns on your head.
You reflexively headbutt those who attack you in melee.


Message History

You are too injured to fight recklessly!
You are too injured to fight recklessly!
You are too injured to fight recklessly!
You hit the wyvern. You freeze the wyvern.
You kill the wyvern!
The komodo dragon bites you!!
* * * LOW HITPOINT WARNING * * *
Training target 14.0 for Long Blades reached!
Your Long Blades skill increases to level 14!
Unknown command.
You hit the komodo dragon but do no damage.
Your headbutt misses the komodo dragon.
You feel much better. The komodo dragon misses you. You furiously retaliate!
You headbutt the komodo dragon.
You hit the komodo dragon but do no damage.
The komodo dragon is lightly wounded.
The komodo dragon bites you.
* * * LOW HITPOINT WARNING * * *
You hit the komodo dragon.
The komodo dragon seems to slow down.
You freeze the komodo dragon. Your headbutt misses the komodo dragon.
The komodo dragon is lightly wounded.
The komodo dragon bites you!
* * * LOW HITPOINT WARNING * * *
You hit the komodo dragon. You freeze the komodo dragon.
The komodo dragon is moderately wounded.
You barely miss the komodo dragon. You headbutt the komodo dragon.
The komodo dragon is moderately wounded.
The komodo dragon completely misses you.
It was a potion of attraction.
You feel attractive to monsters.
The komodo dragon is no longer moving slowly.
You closely miss the komodo dragon. You headbutt the komodo dragon.
The komodo dragon is moderately wounded.
The komodo dragon bites you!
* * * LOW HITPOINT WARNING * * *
You barely miss the komodo dragon.
The komodo dragon is moderately wounded.
The komodo dragon bites you!
You die...
Your body crumbles into a pile of gold.

##### #...# #...#
##...## #...#.#
##..### #...#### ###
#..#...###.#
###@l.......##
#..$.....##.#
#.....##.##.#### ##
##.....#####....# #.
#.##>..####.....## #.
######!#.##......###.
#..###^.....P### ##.#
###P.....## #.###
#####....


You could see a komodo dragon.

Vanquished Creatures
  A hydra (Lair:1)
  A manticore (D:7)
  An ugly thing (D:7)
  An elephant (D:8)
  2 black mambas (Lair:1)
  Maurice (D:8)
  4 cane toads
  2 komodo dragons (Lair:1)
  Prince Ribbit (D:8)
  Sigmund (D:7)
  3 wyverns
  3 yaks (Lair:1)
  A basilisk (D:8)
  A vampire mosquito (D:7)
  2 death yak simulacra (Lair:1)
  2 water moccasins
  2 black bears
  2 orc warriors (D:7)
  2 sky beasts (D:7)
  A necrophage (D:7)
  A phantom (D:7)
  4 centaurs
  2 kobold brigands (Sewer)
  7 bullfrogs
  A gnoll sergeant (D:8)
  5 scorpions
  2 water moccasin zombies
  3 wights
  A centaur zombie (D:8)
  A bullfrog skeleton (D:6)
  2 jellies
  2 orc priests (D:7)
  2 hounds (D:7)
  2 centaur skeletons
  2 iguanas
  4 orc wizards
  Natasha (thrice) (D:3)
  3 killer bee zombies
  6 gnolls
  A howler monkey skeleton (D:7)
  3 river rats (Sewer)
  12 adders
  A shadow imp (D:6)
  2 white imps
  2 worms
  2 dart slugs (D:2)
  26 orcs
  4 endoplasms
  5 giant cockroaches
  12 goblins
  8 hobgoblins
  6 jackals
  8 quokkas
  7 ball pythons
  5 bats
  3 frilled lizards
  10 kobolds
  6 rats
210 creatures vanquished.

Vanquished Creatures (others)
  4 fungi
  3 plants
7 creatures vanquished.

Grand Total: 217 creatures vanquished

Notes
Turn   | Place    | Note
-------+----------+-------------------------------------------
     0 | D:1      | pkoi the Minotaur Fighter began the quest for the Orb.
     0 | D:1      | Reached XP level 1. HP: 19/19 MP: 0/0
   292 | D:1      | Reached skill level 3 in Long Blades
   292 | D:1      | Reached XP level 2. HP: 23/26 MP: 1/1
  1219 | D:2      | Reached skill level 4 in Long Blades
  1219 | D:2      | Reached XP level 3. HP: 28/31 MP: 2/2
  1329 | D:2      | Found a faded altar of an unknown god.
  1929 | D:3      | Reached XP level 4. HP: 38/40 MP: 3/3
  2098 | D:3      | Reached skill level 5 in Long Blades
  2226 | D:3      | Found a glowing drain.
  2251 | Sewer    | Entered a sewer
  2316 | Sewer    | Reached XP level 5. HP: 31/46 MP: 4/4
  2731 | Sewer    | Reached skill level 1 in Evocations
  2747 | Sewer    | Reached skill level 6 in Long Blades
  2747 | Sewer    | Reached XP level 6. HP: 11/53 MP: 5/5
  3126 | D:3      | Noticed Natasha
  3137 | D:3      | Killed Natasha
  3138 | D:3      | Noticed Natasha
  3550 | D:3      | Killed Natasha
  3629 | D:3      | Noticed Natasha
  3639 | D:3      | Killed Natasha
  3640 | D:3      | Reached skill level 5 in Armour
  5058 | D:5      | Entered Level 5 of the Dungeon
  5137 | D:5      | Reached skill level 5 in Fighting
  5142 | D:5      | Reached XP level 7. HP: 60/61 MP: 6/6
  5295 | D:5      | Reached skill level 7 in Long Blades
  6872 | D:6      | Reached XP level 8. HP: 70/70 MP: 7/7
  6978 | D:6      | Reached skill level 8 in Long Blades
  7213 | D:7      | Found a sacrificial altar of Ru.
  7320 | D:7      | Found a staircase to the Ecumenical Temple.
  7400 | D:7      | Noticed Sigmund
  7935 | D:7      | Noticed a purple ugly thing
  7985 | D:7      | Killed a purple ugly thing
  7986 | D:7      | Reached skill level 9 in Long Blades
  8038 | D:7      | Reached XP level 9. HP: 15/79 MP: 8/8
  8682 | D:8      | Found Lenk's Weapon Boutique.
  9017 | D:8      | Reached skill level 10 in Long Blades
  9202 | D:8      | Found a staircase to the Lair.
  9202 | D:8      | Noticed an elephant
  9203 | D:8      | Noticed Maurice
  9239 | D:8      | Killed an elephant
  9244 | D:8      | Reached skill level 5 in Evocations
  9277 | D:8      | Killed Maurice
  9278 | D:8      | Reached skill level 11 in Long Blades
  9470 | D:8      | Noticed Prince Ribbit
  9485 | D:8      | Killed Prince Ribbit
  9921 | Temple   | Entered the Ecumenical Temple
 10024 | Temple   | Became a worshipper of Gozag Ym Sagoz the Greedy
 10358 | D:7      | Killed Sigmund
 10359 | D:7      | Reached XP level 10. HP: 77/89 MP: 9/9
 10562 | D:7      | Got the Volume of Aerial Transmutation
 10687 | D:7      | Noticed a manticore
 10711 | D:7      | Killed a manticore
 10712 | D:7      | Reached skill level 12 in Long Blades
 11042 | Lair:1   | Entered Level 1 of the Lair of Beasts
 11465 | Lair:1   | Found a frozen archway.
 11490 | IceCv    | Entered an ice cave
 11491 | IceCv    | Found a transporter.
 11510 | Lair:1   | Noticed a black mamba
 11522 | Lair:1   | Killed a black mamba
 11962 | Lair:1   | Noticed a cane toad
 11976 | Lair:1   | Reached skill level 13 in Long Blades
 11981 | Lair:1   | Killed a cane toad
 12384 | Lair:1   | Found a hazy altar of Hepliaklqana.
 12396 | Lair:1   | Noticed a cane toad
 12404 | Lair:1   | Killed a cane toad
 12533 | Lair:2   | Noticed a cane toad
 12533 | Lair:2   | Noticed a seven-headed hydra
 12555 | Lair:1   | Killed a seven-headed hydra
 12556 | Lair:1   | Reached XP level 11. HP: 23/99 MP: 10/10
 12822 | Lair:2   | Reached skill level 10 in Fighting
 13294 | Lair:2   | Noticed a catoblepas
 13807 | Lair:1   | Reached skill level 14 in Long Blades
 13814 | Lair:1   | HP: 3/100 [komodo dragon (15)]
 13815 | Lair:1   | Mangled by a komodo dragon

Illustrated notes

Levels and vault maps discovered:
D:1:      evilmike_arrival_plus, layout_basic
D:2:      layout_basic, basic_ecumenical_altar
D:3:      layout_basic, portal_sewer_entry_f, uniq_natasha
D:4:      nicolae_cairo_tiling_very_big, layout_basic
D:5:      layout_cave_pools, serial_park_tiny_pond
D:6:      layout_loops_ring, corner_web_ring, nrook_mini_vaults
D:7:      kennysheep_windowed_halls, layout_gridville,
          overflow_temple_1_default, minmay_temple_entry_from_below_a,
          sigmund_army
D:8:      layout_basic, david_lair_generic, serial_shops,
          nicolae_shop_advertising_works [nicolae_subvault_shop_adworks],
          uniq_maurice, uniq_prince_ribbit1
Temple:   compressed_dpeg_circular_temple
Lair:1:   layout_misc_corridors, basic_altar,
          portal_ice_cave_entry_ice_simulacra
Lair:2:   layout_loops_ring, minmay_shoals_entry_lonely_mermaid,
          minmay_snake_entry_guardpost_medium, infiniplex_staircase_pool

Skill      XL: |  1  2  3  4  5  6  7  8  9 10 11 |
---------------+----------------------------------+-----
Long Blades    | 3 4 5 6 7 9 11 13 14 | 14.0
Shields        | 4 |  4.0
Armour         | 4 5 6 7 8 9 |  9.1
Fighting       | 4 5 7 8 9 10 | 10.2
Evocations     | 1 2 3 4 5 6 7 |  7.1

Action                   |  1- 3 |  4- 6 |  7- 9 | 10-12 || total
-------------------------+-------+-------+-------+-------++-------
Melee: Long sword        |   100 |   201 |    46 |    63 ||   410
       Headbutt          |     7 |    15 |    71 |    54 ||   147
       Unarmed           |       |    12 |       |       ||    12
       Short sword       |       |       |   302 |   164 ||   466
Evoke: Wand              |       |       |     2 |     1 ||     3
  Use: Scroll            |     6 |     3 |     1 |     2 ||    12
       Potion            |       |     5 |     4 |     2 ||    11
 Stab: Invisible         |       |     1 |       |       ||     1
       Distracted        |       |       |       |     1 ||     1
       Petrifying        |       |       |       |     2 ||     2
       Petrified         |       |       |       |     1 ||     1
Armor: Scale mail        |    51 |    88 |   108 |       ||   247
       Skin              |       |     3 |    10 |       ||    13
       Acid dragon scale |       |       |    11 |    98 ||   109
Dodge: Dodged            |    63 |    89 |    80 |    78 ||   310
Block: Buckler           |    23 |    58 |    61 |    47 ||   189
